 Dungeon Crawl Stone Soup version 0.30-a0-377-g5cb311bc9f (webtiles) character file.

Game seed: 6904958799700865555

31 flotson the Sneak (level 3, 0/29 HPs)
             Began as a Demonspawn Delver on Dec 1, 2022.
             Succumbed to a water moccasin's poison
             ... in a sewer.
             The game lasted 00:01:39 (378 turns).

flotson the Sneak (Demonspawn Delver)                Turns: 378, Time: 00:01:39

Health: 0/29       AC:  3    Str: 11    XL:     3   Next: 7%
Magic:  3/3        EV: 12    Int: 10    God:
Gold:   0          SH:  0    Dex: 18    Spells: 2/2 levels left

rFire   . . .      SeeInvis .    a - +0 spear
rCold   . . .      Faith    .    (no shield)
rNeg    . . .      Spirit   .    b - +0 leather armour
rPois   .          Reflect  .    (no helmet)
rElec   .          Harm     .    (no cloak)
rCorr   .          Rampage  .    (no gloves)
Will    .....                    (no boots)
Stlth   +++.......               (no amulet)
HPRegen 0.24/turn                f - +4 ring of slaying
MPRegen 0.08/turn                (no ring)

@: lethally poisoned (0 -> -11)
A: demonic magic 2, agile 1, weak 1
a: no special abilities


You were in a sewer.
You visited 1 branch of the dungeon, and saw 2 of its levels.
You also visited: Sewer.

Inventory:

Hand Weapons
 a - a +0 spear (weapon)
Armour
 b - a +0 leather armour (worn)
Jewellery
 f - a +4 ring of slaying (left hand)
Wands
 g - a wand of digging (3)
Scrolls
 c - a scroll of fog
 d - a scroll of magic mapping
 e - a scroll of fear
 h - 2 scrolls of identify {unknown}
 j - a scroll of summoning {unknown}
 l - a scroll of enchant armour {unknown}


   Skills:
 + Level 3.2 Fighting
 - Level 1.7 Polearms
 + Level 0.9 Armour
 + Level 2.1 Dodging
 + Level 4.7 Stealth
 + Level 1.0 Evocations


You had 2 spell levels left.
You didn't know any spells.
Your spell library was empty.

Dungeon Overview and Level Annotations

Branches:
Dungeon (5/15)              Sewer (1/1)
 Temple: D:4-7

Altars:

Annotations:
D:4 Eustachio


Innate Abilities, Weirdness & Mutations

Spells you cast may paralyse nearby enemies.
You are agile. (Dex +4, Str/Int -1)
You are weak. (Str -2)


Message History

You are too injured to fight recklessly!
You are too injured to fight recklessly!
You are too injured to fight recklessly!
You are too injured to fight recklessly!
You are too injured to fight recklessly!
You are too injured to fight recklessly!
You are too injured to fight recklessly!
You closely miss the water moccasin.
The water moccasin is heavily wounded.
The water moccasin bites you.
* * * LOW HITPOINT WARNING * * *
You completely miss the water moccasin.
The water moccasin is heavily wounded.
The water moccasin barely misses you. The water moccasin closely misses you.
It was a potion of heal wounds.
You feel much better. The water moccasin bites you.
You are poisoned.
The water moccasin poisons you!
You hit the water moccasin.
The water moccasin is heavily wounded.
You feel very sick. The water moccasin closely misses you.
The water moccasin bites you.
You are lethally poisoned!
The water moccasin poisons you!
You miss the water moccasin.
The water moccasin is heavily wounded.
You feel very sick. The water moccasin misses you.
It was a potion of mutation.
You feel extremely strange.
You feel agile.
You feel weaker.
* * * LOW HITPOINT WARNING * * *
You feel very sick. The water moccasin bites you.
* * * LOW HITPOINT WARNING * * *
The water moccasin barely misses you.
As you read the scroll of fear, it crumbles to dust.
You assume a fearsome visage.
The water moccasin looks frightened!
* * * LOW HITPOINT WARNING * * *
You feel very sick.
You die...

#### # # ....## ##
#[ ### ~~.~.### #.
$~##.. #~..~.###
#. ###~...
#~~...###.
#.~...~##
##..~..~~.
#..~.~###
###~....###~
#S...~####..~~.###
#.
###.@~~.~..~.###
#. ###.~....### ##
######## # # # #


You could see a water moccasin (fleeing).

Vanquished Creatures
  2 adders (D:5)
  A worm (D:5)
  A giant cockroach (D:5)
  2 jackals (Sewer)
  3 quokkas (D:5)
  A rat (D:5)
10 creatures vanquished.

Notes
Turn   | Place    | Note
-------+----------+-------------------------------------------
     0 | D:5      | flotson the Demonspawn Delver began the quest for the Orb.
     0 | D:5      | Reached XP level 1. HP: 18/18 MP: 1/1
     2 | D:5      | Noticed an iguana
    42 | D:5      | Gained mutation: Spells you cast may paralyse adjacent
                  | enemies. [demonic ancestry]
    42 | D:5      | Reached XP level 2. HP: 7/24 MP: 2/2
   146 | D:4      | Noticed Eustachio
   146 | D:4      | Noticed a scorpion
   261 | D:5      | Reached skill level 1 in Evocations
   263 | D:5      | Gained mutation: Spells you cast may paralyse nearby
                  | enemies. [demonic ancestry]
   263 | D:5      | Reached XP level 3. HP: 24/29 MP: 3/3
   274 | D:5      | Found a glowing drain.
   278 | Sewer    | Entered a sewer
   358 | Sewer    | Noticed a water moccasin
   376 | Sewer    | Gained mutation: You are agile. (Dex +4, Str/Int -1)
                  | [potion of mutation]
   376 | Sewer    | Gained mutation: You are weak. (Str -2) [potion of
                  | mutation]
   378 | Sewer    | Succumbed to a water moccasin's poison

Illustrated notes

Levels and vault maps discovered:
D:4:      layout_basic, temple_doors_e, kennysheep_opposing_triangles,
          uniq_eustachio
D:5:      layout_loops_ring, gup_sewer_entry_spiral
Sewer:    sewer_the_moccasin

Skill      XL: |  1  2 |
---------------+-------+-----
Dodging        | 2 |  2.1
Evocations     | 1 |  1.0
Fighting       | |  3.2
Polearms       | |  1.7
Armour         | |  0.9
Stealth        | |  4.7

Action                   || total
-------------------------++-------
Melee: Spear             ||    76
  Use: Potion            ||     3
       Scroll            ||     1
Armor: Leather armour    ||    17
Dodge: Dodged            ||    34

Table legend: (Time is in decaauts)
 A = Elapsed time spent in this place.
 B = Non-inter-level travel time spent in this place.
 C = Inter-level travel time spent in this place.
 D = Time resting spent in this place.
 E = Time spent auto-exploring this place.
 F = Levels seen in this place.
 G = Mean time per level.
                   A        B        C        D        E       F      G
               +--------+--------+--------+--------+--------+-----+--------+
         Total |    394 |    385 |      9 |      0 |    214 |   3 |  131.3 |
       Dungeon |    287 |    278 |      9 |      0 |    146 |   2 |  143.5 |
         Sewer |    106 |    106 |      0 |      0 |     67 |   1 |  106.0 |
               +--------+--------+--------+--------+--------+-----+--------+

Top non-repeatable levels by time:
     D:5: 285 daAuts
   Sewer: 106 daAuts
     D:4: 1 daAuts
